[Event "GER-ch Youth-ODJM 2022"]
[Site "Willingen"]
[Date "2022.06.07"]
[Round "4.22"]
[White "Bartelt, Max Peter"]
[Black "Kesselmeier, Kevin"]
[Result "1-0"]
[ECO "D00"]
[WhiteElo "1959"]
[BlackElo "1927"]
[Annotator "TA"]
[PlyCount "51"]
[EventDate "2022.06.05"]
[EventType "swiss"]
[EventRounds "9"]
[EventCountry "GER"]
[SourceTitle "playchess.com"]
[Source "ChessBase"]
[SourceQuality "1"]
[TimeControl "40/4500+30:900+30"]

1. d4 d5 2. Bg5 f6 3. Bh4 Nh6 4. e3 Nf5 5. Bg3 h5 $1 6. Bd3 {[%emt 0:00:00] D00: 1 d4 d5: Unusual lines.} (6. Be2 $15) 6... h4 $17 7. Qg4 {[%emt 0:00:25] [#]} (7. Qf3 $17 e6 8. Bf4) 7... hxg3 $2 (7... Nd6 $1 $19 8. Qg6+ Nf7) 8. Qg6+ {[%emt 0:01:58] The position is equal.} Kd7 9. Bxf5+ e6 {[%emt 0:11:42] [#]} 10. Qf7+ $146 ({Predecessor:} 10. Bh3 gxf2+ 11. Kxf2 Qe8 12. Qd3 c6 13. c4 Kd8 14. e4 Qg6 15. Nc3 Bd6 16. g3 {1-0 (46) Huerta,D (2291)-Blanco Fernandez,A (2383) Mexico City 2006}) 10... Kd6 11. Bh3 gxf2+ 12. Kxf2 Bd7 (12... g5 $15) 13. c4 $1 $36 {[%emt 0:01:52][%mdl 2048] White is more active.} dxc4 14. Nc3 ({White should try} 14. Na3 $14) 14... c6 (14... Qe7 $15 15. Qg6 c6) 15. Ne4+ $11 Kc7 {[%emt 0:00:05] [#] aiming for ...Qe7.} 16. Bxe6 Qe7 17. Qxe7 {[%emt 0:00:42] 0x0.0022fa006562dp-1022s more active pieces. The black rooks are badly placed.} Bxe7 18. Bxc4 Rh4 19. Nc3 Bg4 20. Rc1 Nd7 21. Be2 {[%emt 0:00:28] Hoping for g3.} Be6 (21... f5 $16 {might work better.}) 22. Nf3 $18 Rh6 (22... Rh5 $142 23. Rhd1 Nb6) 23. d5 cxd5 (23... Bg8 24. Nd4 f5) 24. Nxd5+ {[%emt 0:00:08] White is clearly winning.} Kd8 25. Nc7 {[%emt 0:00:05] Pair of Knights!} Nc5 26. Rxc5 {[%emt 0:00:45] Weighted Error Value: White=0.25 (precise) /Black=0.51} 1-0